 Dungeon Crawl Stone Soup version 0.30-a0-242-g7bf8e6d787 (webtiles) character file.

Game seed: 13104048900211602281

177 greasedhog the Cudgeller (level 5, -7/34 HPs)
             Began as a Gargoyle Reaver on Oct 12, 2022.
             Mangled by Menkaure (14 damage)
             ... on level 4 of the Dungeon.
             The game lasted 00:04:02 (3106 turns).

greasedhog the Cudgeller (Gargoyle Reaver)          Turns: 3106, Time: 00:04:02

Health: -7/34      AC: 11    Str: 17    XL:     5   Next: 57%
Magic:  8/8        EV:  9    Int: 14    God:
Gold:   196        SH:  0    Dex:  8    Spells: 7/8 levels left

rFire   . . .      SeeInvis .    a - +0 mace
rCold   . . .      Faith    .    (no shield)
rNeg    + . .      Spirit   .    c - +0 scale mail
rPois   ∞          Reflect  .    (no helmet)
rElec   +          Harm     .    (no cloak)
rCorr   .          Rampage  .    (no gloves)
Will    .....                    j - +0 pair of boots
Stlth   ..........               (no amulet)
HPRegen 0.25/turn                (no ring)
MPRegen 0.11/turn                (no ring)

@: no status effects
A: sickness immunity, AC +4, negative energy resistance 1, electricity
resistance, torment resistance 1, petrification resistance
a: no special abilities


You were on level 4 of the Dungeon.
You visited 1 branch of the dungeon, and saw 4 of its levels.

You collected 196 gold pieces.

Inventory:

Hand Weapons
 a - a +0 mace (weapon)
Armour
 c - a +0 scale mail (worn)
 j - a +0 pair of boots (worn)
Scrolls
 b - a scroll of vulnerability {unknown}
 f - a scroll of poison
 g - 2 scrolls of blinking
 h - a scroll of torment
 i - a scroll of amnesia
 k - 2 scrolls of fear
 l - 2 scrolls of magic mapping {unknown}
Potions
 e - 2 potions of attraction
 m - a potion of ambrosia {unknown}
 n - a potion of might {unknown}


   Skills:
 * Level 4.6 Fighting
 * Level 4.7 Maces & Flails
 - Level 1.5 Dodging
 - Level 2.0 Spellcasting
 - Level 3.2 Conjurations


You had 7 spell levels left.
You knew the following spells:

 Your Spells              Type           Power      Damage    Failure   Level
a - Kiss of Death         Conj/Necr      24%        2d7       41%         1

Your spell library contained the following spells:

 Spells                   Type           Power      Damage    Failure   Level
 Momentum Strike          Conj/Tloc      12%        3d8       56%         2
 Hailstorm                Conj/Ice       6%         3d4       80%         3


Dungeon Overview and Level Annotations

Branches:
Dungeon (4/15)
 Temple: D:4-7

Altars:
Uskayaw

Annotations:
D:4 Ijyb, Menkaure


Innate Abilities, Weirdness & Mutations

You are immune to sickness and miasma.
Your stone body is resilient. (AC +4)
You are immune to poison.
You resist negative energy. (rN+)
You are resistant to electric shocks. (rElec)
You are resistant to unholy torment.
You are immune to petrification.


Message History

Menkaure hits you!
You feel better.
Menkaure points at you and mumbles some strange words.
You barely resist. You hit Menkaure but do no damage.
Menkaure is heavily damaged.
Menkaure barely misses you.
You thump Menkaure!
Menkaure is almost destroyed.
Menkaure mumbles some strange words.
Menkaure seems to speed up.
You closely miss Menkaure.
Menkaure is almost destroyed.
Menkaure hits you!
* * * LOW HITPOINT WARNING * * *
You closely miss Menkaure.
Menkaure is almost destroyed.
Menkaure hits you!
* * * LOW HITPOINT WARNING * * *
You feel better. Menkaure barely misses you. Menkaure hits you.
* * * LOW HITPOINT WARNING * * *
You barely miss Menkaure.
Menkaure is almost destroyed.
Menkaure calls on the powers of darkness!
Your body is wracked with pain!
* * * LOW HITPOINT WARNING * * *
You closely miss Menkaure.
Menkaure is almost destroyed.
Menkaure gestures at you while chanting.
You are unaffected.
You hit Menkaure but do no damage.
Menkaure is almost destroyed.
Menkaure calls on the powers of darkness!
Your body is wracked with pain!
* * * LOW HITPOINT WARNING * * *
Menkaure closely misses you.
You hit Menkaure but do no damage.
Menkaure is almost destroyed.
Menkaure hits you!
You die...

# ##### #. ...... #..
####......
#..#####..(....##
#........#.....# ####
####...#........
#....##<..###........
#......@#####).....##
#.......M.##.......#
#....####..........#
##..........)......#
###..#............#
.##.#..#.##......#
......)...........#
..........#..#....#
..#####...........#


You could see Menkaure (fast).

Vanquished Creatures
  A scorpion (D:3)
  2 orc wizards (D:3)
  3 adders
  A worm (D:2)
  A dart slug (D:3)
  3 orcs (D:3)
  4 ball pythons
  2 bats (D:3)
  8 endoplasms
  5 goblins
  5 hobgoblins
  3 jackals
  9 kobolds
  A quokka (D:1)
  8 rats
56 creatures vanquished.

Notes
Turn   | Place    | Note
-------+----------+-------------------------------------------
     0 | D:1      | greasedhog the Gargoyle Reaver began the quest for the Orb.
     0 | D:1      | Reached XP level 1. HP: 12/12 MP: 3/3
    63 | D:1      | Reached XP level 2. HP: 18/18 MP: 5/5
   964 | D:2      | Reached XP level 3. HP: 22/23 MP: 6/6
  1757 | D:3      | Reached XP level 4. HP: 24/28 MP: 7/7
  2177 | D:3      | Reached XP level 5. HP: 28/33 MP: 8/8
  2444 | D:3      | Found a hide-covered altar of Uskayaw.
  2718 | D:4      | Noticed Ijyb
  2719 | D:4      | Paralysed by Ijyb for 2 turns
  2972 | D:4      | Noticed Menkaure
  3106 | D:4      | Mangled by Menkaure

Illustrated notes

Levels and vault maps discovered:
D:1:      tarquinn_simple_flora_water_e, layout_basic
D:2:      layout_basic, hangedman_decor_growths
D:3:      layout_basic, nicolae_uskayaw_dance_hall, serial_curves,
          eino_curves_02, eino_curves_04
D:4:      layout_rooms, gammafunk_temple_overflow_elements,
          lemuel_temple_firewalk_b, nicolae_wooded_promenade,
          amcnicky_mini_corridor_feature, uniq_ijyb, uniq_menkaure

Skill      XL: |  1  2  3  4 |
---------------+-------------+-----
Fighting       | 3 4 |  4.6
Maces & Flails | 4 |  4.7
Dodging        | |  1.5
Spellcasting   | |  2.0
Conjurations   | |  3.2

Action                   |  1- 3 |  4- 6 || total
-------------------------+-------+-------++-------
Melee: Mace              |   112 |   125 ||   237
       Punch             |       |     1 ||     1
  Use: Scroll            |     7 |       ||     7
       Potion            |       |     2 ||     2
Armor: Leather armour    |    15 |       ||    15
       Scale mail        |    42 |    62 ||   104
Dodge: Dodged            |    77 |    72 ||   149

Table legend: (Time is in decaauts)
 A = Elapsed time spent in this place.
 B = Non-inter-level travel time spent in this place.
 C = Inter-level travel time spent in this place.
 D = Time resting spent in this place.
 E = Time spent auto-exploring this place.
 F = Levels seen in this place.
 G = Mean time per level.
                   A        B        C        D        E       F      G
               +--------+--------+--------+--------+--------+-----+--------+
         Total |   3156 |   2909 |    247 |    247 |   2085 |   4 |  789.0 |
       Dungeon |   3156 |   2909 |    247 |    247 |   2085 |   4 |  789.0 |
               +--------+--------+--------+--------+--------+-----+--------+

Top non-repeatable levels by time:
     D:3: 1367 daAuts
     D:2: 906 daAuts
     D:1: 775 daAuts
     D:4: 107 daAuts
